 Dungeon Crawl Stone Soup version 0.21-a0-582-g1b93aee (webtiles) character file.

683073 Gorice the End of an Era (level 27, -9/224 HPs)
             Began as a Demonspawn Wanderer on Dec 16, 2017.
             Was the Champion of Qazlal.
             Mangled by Tiamat
             ... wielding a +5 glaive of venom
              (37 damage)
             ... on level 4 of the Realm of Zot on Dec 19, 2017.
             The game lasted 08:19:56 (78263 turns).

Gorice the End of an Era (Demonspawn Wanderer)     Turns: 78263, Time: 08:19:57

Health: -9/224     AC: 44    Str: 24    XL:     27
Magic:  0/39       EV: 23    Int: 18    God:    Qazlal [******]
Gold:   3223       SH:  8    Dex: 20    Spells: 21/46 levels left

rFire    + . .     SeeInvis +   a - +9 lajatang (vamp)
rCold    . . .     Gourm    .   (shield currently unavailable)
rNeg     + + .     Faith    .   V - +10 pearl dragon scales of the Valley of Death {rN+ MR+}
rPois    .         Spirit   +   X - +2 helmet
rElec    .         Reflect  .   i - +2 cloak {MR+}
rCorr    .         Harm     .   y - +3 pair of gauntlets of War {Slay+5}
MR       ++++.                  (boots unavailable)
Stlth    ..........             L - amulet of regeneration
HPRegen  0.87/turn              j - ring "Rej Fuhyufy" {Str+4 Dex+6 Stlth-}
MPRegen  0.52/turn              v - +3 ring of protection

@: lethally poisoned (-9 -> -41), protected from physical damage, corroded,
repel missiles
A: talons 3, iridescent scales 3, see invisible, fire resistance 1, ignite
blood, negative energy resistance 1, 50% torment resistance, evolution 1, magic
shield, magic regeneration, magic link, black mark, flame cloud immunity
}: 4/15 runes: decaying, serpentine, slimy, silver
a: Upheaval, Elemental Force, Disaster Area, Renounce Religion


You were on level 4 of the Realm of Zot.
You worshipped Qazlal.
Qazlal was exalted by your worship.
You were not hungry.

You visited 12 branches of the dungeon, and saw 57 of its levels.
You visited the Abyss 1 time.
You also visited: Trove and Ice Cave.

You collected 7508 gold pieces.
You spent 4285 gold pieces at shops.

Inventory:

Hand Weapons
 a - a +9 vampiric lajatang (weapon)
   (You took it off Agnes on level 2 of the Elven Halls)
 b - a +9 lajatang of electrocution
   (You found it on level 11 of the Dungeon)
 B - a +5 blowgun
 W - the +9 staff of Wucad Mu {channel}
   (You found it on level 5 of the Pits of Slime)
Missiles
 e - 5 javelins of returning (quivered)
 u - 18 curare-tipped needles
 Z - 5 throwing nets
Armour
 i - a +2 cloak of magic resistance (worn)
   (You found it on level 4 of the Depths)
 y - the +3 pair of gauntlets of War (worn) {Slay+5}
   (You bought it in a shop on level 1 of the Snake Pit)

   It affects your accuracy and damage with ranged weapons and melee attacks
   (+5).
 V - the +10 pearl dragon scales of the Valley of Death (worn) {rN+ MR+}
   (You took it off a deep elf high priest on level 3 of the Elven Halls)

   It protects you from negative energy.
   It affects your resistance to hostile enchantments.
 X - a +2 helmet (worn)
Jewellery
 c - an uncursed ring of protection from cold
 j - the ring "Rej Fuhyufy" (left hand) {Str+4 Dex+6 Stlth-}
   (You found it on level 5 of the Pits of Slime)

   [ring of loudness]

   It affects your strength (+4).
   It affects your dexterity (+6).
   It makes you less stealthy.
 p - the ring of Xom's Full Attention {+Fly rPois Str+4}
   (You found it on level 2 of the Crypt)

   [ring of flight]

   It affects your strength (+4).
   It protects you from poison.
   It lets you fly.
 v - a +3 ring of protection (right hand)
 C - an uncursed ring of resist corrosion
 E - an uncursed ring of positive energy
 L - an amulet of regeneration (around neck)
 P - a +3 ring of protection
Wands
 l - a wand of digging (30)
 z - a wand of clouds (21)
 N - a wand of acid (41)
Scrolls
 n - 2 scrolls of silence {!r}
 r - 9 scrolls of blinking
 s - 2 scrolls of identify
 t - 4 scrolls of fog
 w - 20 scrolls of teleportation {!r}
 x - 29 scrolls of remove curse
 Q - 4 scrolls of magic mapping {!r}
 S - 14 scrolls of fear {!r}
Potions
 f - 9 potions of mutation {!q}
 h - 26 potions of curing
 k - 11 potions of brilliance {!q}
 m - 3 potions of magic {!q}
 o - 4 potions of cancellation {!q}
 A - 7 potions of resistance {!q}
 G - 8 potions of might {!q}
 H - 5 potions of agility {!q}
 J - 7 potions of berserk rage
 K - 7 potions of haste {!q}
 Y - 7 potions of heal wounds {!q}
Books
 g - a book of Misfortune
 D - a Fen Folio
Miscellaneous
 I - 6 boxes of beasts
 O - 4 sacks of spiders
 U - 2 phantom mirrors
Comestibles
 d - 60 rations {!e}
 q - 7 chunks of flesh


   Skills:
 - Level 20.0 Fighting
   Level 1.0 Axes
 - Level 14.0 Staves
 - Level 8.1 Throwing
 - Level 24.1 Armour
 - Level 16.0 Dodging
 - Level 1.0 Stealth
 - Level 10.0 Spellcasting
 - Level 8.0 Hexes
 - Level 6.0 Charms
 + Level 15.2 Summonings
 - Level 6.0 Necromancy
 - Level 7.0 Translocations
 - Level 7.0 Air Magic
 + Level 24.2 Invocations
 - Level 10.0 Evocations


You had 21 spell levels left.
You knew the following spells:

 Your Spells              Type           Power        Failure   Level  Hunger
a - Summon Lightning Spi  Summ/Air       #####...     1%          4    ###....
b - Shadow Creatures      Summ           N/A          3%          6    ######.
p - Portal Projectile     Hex/Tloc       #####.       1%          3    None
A - Apportation           Tloc           ####..       1%          1    None
B - Summon Butterflies    Summ           ######..     1%          1    None
D - Aura of Abjuration    Summ           ######....   1%          5    #####..
J - Blink                 Tloc           N/A          1%          2    None
R - Regeneration          Chrm/Necr      ####......   3%          3    None


Dungeon Overview and Level Annotations

Branches:
Dungeon (15/15)            Temple (1/1) D:5            Lair (6/6) D:9
  Swamp (4/4) Lair:2        Snake (4/4) Lair:4        Slime (5/5) Lair:6
    Orc (2/2) D:9             Elf (3/3) Orc:2        Vaults (5/5) D:14
  Crypt (3/3) Vaults:3       Tomb (0/3) Crypt:3      Depths (5/5) D:15
    Zot (4/5) Depths:5

Altars:
Ashenzari
Cheibriados
Dithmenos
Elyvilon
Fedhas
Gozag
Hepliaklqana
Kikubaaqudgha
Makhleb
Nemelex Xobeh
Okawaru
Qazlal
Ru
Sif Muna
Trog
Uskayaw
Vehumet
Wu Jian
Xom
Yredelemnul
Zin
The Shining One
Beogh
Jiyva
Lugonu

Shops:
D:9 %   D:12 %   Orc:2 =(*[[   Elf:1 ?%!:   Elf:2 *=[}*   Snake:1 [}
Vaults:1 %*   Depths:1 *}=}

Portals:
Hell: Depths:1 Depths:2 Depths:3 Depths:4 Depths:5
Abyss: Depths:3 Depths:4
Pandemonium: Depths:3
Ziggurat: Depths:4

Annotations:
D:13 vpUX: $ on deep moat island
Swamp:2 exclusion: Roxanne, Roxanne
Zot:2 1 transporter, exclusion: orange crystal statue
Zot:4 Tiamat


Innate Abilities, Weirdness & Mutations

You have claws for feet.
You are completely covered in iridescent scales. (AC +6)
Your flesh is heat resistant. (rF+)
Your demonic aura causes spilled blood to erupt in flames.
You resist negative energy. (rN+)
You are somewhat able to resist unholy torments (1 in 2 success).
When hurt, damage is shared between your health and your magic reserves.
You regenerate magic rapidly.
When low on magic, you restore magic in place of health.
Your melee attacks may debilitate your foes.
You are immune to clouds of flame.
You have supernaturally acute eyesight. (SInv)
You evolve.


Message History

The yellow draconian annihilator is engulfed in blazing flames.
The white draconian is engulfed in blazing flames.
Unknown command.
Unknown command.
Really read
S - 15 scrolls of fear {!r}?
As you read the scroll of fear {!r}, it crumbles to dust.
You assume a fearsome visage.
Tiamat resists with almost no effort.
The white draconian annihilator looks frightened!
The yellow draconian looks frightened!
The yellow draconian annihilator looks frightened!
The purple draconian resists with almost no effort.
The yellow draconian looks frightened!
The black draconian shifter looks frightened!
The white draconian shifter looks frightened!
You feel sick.
The purple draconian is no longer moving slowly.
Tiamat hits you with a glaive of venom!!
* * * LOW HITPOINT WARNING * * *
You are more poisoned.
Tiamat completely misses you.
The purple draconian is engulfed in blazing flames.
The purple draconian closely misses you.
The white draconian is engulfed in blazing flames.
The yellow draconian is engulfed in freezing vapours.
The yellow draconian seems to slow down.
The yellow draconian annihilator is engulfed in blazing flames.
The yellow draconian annihilator gestures wildly while chanting.
The yellow draconian annihilator blinks!
The black draconian shifter blinks!
The white draconian shifter blinks!
Tiamat hits you with a glaive of venom.
* * * LOW HITPOINT WARNING * * *
You are more poisoned.
Tiamat tail-slaps you!!!
* * * LOW HITPOINT WARNING * * *
The white draconian annihilator mumbles some strange words.
The white draconian annihilator blinks!
Damage: 58 (max 87) Unknown command.
Really quaff
Y - 8 potions of heal wounds {!q}?
You feel much better.
* * * LOW HITPOINT WARNING * * *
You feel very sick.
The white draconian is engulfed in blazing flames.
The purple draconian is engulfed in blazing flames.
The purple draconian barely misses you.
The yellow draconian annihilator gestures wildly while chanting.
The yellow draconian annihilator blinks!
The white draconian is engulfed in blazing flames.
Tiamat hits you with a glaive of venom!!!
You die...

,,,,,,,,,,,,,,,,,,,,,,,,,,,,,,,,,
***********,,,,,,,,,************,
####*******,,,,,,,,,************,
....,,,,,,,,,,,,,,,,,,,,,,,,,,,,,
....,,,,,,,,,,,,,,,,,,,,,,,,,,,,,
....##***************************
.....###################*********
..........d..§§d§.......,,,,,,,,,
........)..d.§dd@§§q.q..,,,,,,,,,
...........§######...###***,,,,,*
.....))))...######...##***,,,,,**
......#.)..............,,,,,,,,,,
.....§##................,,,,,,,,,
....§§##.......####...##*,,,,**,,
...§..##.)#....####..##**,,,,**,,
...d..##..##..........,,,,,,,**,,
......##..##..........,,,,,,,**,,


You could see Tiamat (berserk), 2 draconians, a purple draconian (berserk), a
white draconian (berserk), a white draconian shifter (fleeing) and a yellow
draconian annihilator (fleeing).

Vanquished Creatures
  the Royal Jelly (Slime:5)
  An orb of fire (Zot:3)
  Mara (Vaults:4)
  5 ancient liches
  The ghost of SpeedyPerson7 the Conqueror, a veteran MiBe of Trog (Depths:5)
  Boris (twice) (Crypt:2 Depths:3)
  Frederick (Depths:5)
  Bai Suzhen (Depths:3)
  Margery (Vaults:3)
  A Killer Klown (Zot:2)
  Saint Roka (Vaults:2)
  A caustic shrike (Depths:2)
  Xtahua (Depths:2)
  3 curse toes
  Nikola (Elf:2)
  The ghost of brew9 the Devastator, a veteran GrEE of Vehumet (Elf:3)
  3 golden dragons
  A bone dragon (Depths:5)
  An electric golem (Zot:2)
  6 liches
  Jorgrun (Vaults:4)
  Asterion (Orc:2)
  18 tentacled monstrosities
  27 acid blobs
  6 quicksilver dragons
  5 titans
  A quicksilver dragon (shapeshifter) (Depths:3)
  2 deep elf master archers (Elf:3)
  An acid blob (shapeshifter) (Depths:3)
  3 deep elf blademasters
  Frances (Elf:1)
  6 thorn hunters
  A sphinx (Vaults:5)
  A tentacled starspawn (Abyss:3)
  Agnes (Elf:2)
  7 ancient champions
  4 death cobs
  6 shadow dragons
  8 tengu reavers
  9 draconian monks
  7 storm dragons
  Kirke (D:13)
  2 revenants (Crypt:2)
  14 azure jellies
  5 fire giants
  5 nagarajas
  5 deep elf sorcerers
  An iron dragon (Vaults:5)
  A draconian knight (Zot:1)
  4 ghost moths
  Louise (D:15)
  An orc warlord (Orc:1)
  11 frost giants
  Aizul (Snake:1)
  3 draconian shifters
  4 cacodemons
  15 ghouls
  3 curse skulls
  6 draconian scorchers
  15 vault wardens
  6 war gargoyles
  4 deep elf elementalists
  27 very ugly things
  13 ironheart preservers
  2 reapers
  3 draconian annihilators
  2 draconian stormcallers
  A juggernaut skeleton (Crypt:2)
  26 stone giants
  6 vampire knights
  An entropy weaver (Vaults:3)
  6 deep elf annihilators (Elf:3)
  7 deep elf demonologists
  7 green draconians
  11 black draconians
  7 purple draconians
  4 white draconians
  12 spark wasps
  9 yellow draconians
  7 red draconians
  3 eidola
  An ettin (shapeshifter) (Vaults:4)
  4 jiangshi
  12 crystal guardians
  7 ettins
  11 death oozes
  A merfolk javelineer (Depths:1)
  11 deep elf death magi
  A merfolk impaler (Depths:1)
  A blizzard demon (Depths:3)
  5 deep elf high priests
  A minotaur (shapeshifter) (Vaults:5)
  20 fire dragons
  13 great orbs of eyes
  9 yaktaur captains
  Harold (Orc:2)
  11 ogre magi
  8 rakshasas
  18 naga warriors
  A ghost crab (Swamp:4)
  A great orb of eyes (shapeshifter) (Elf:3)
  20 hydras
  2 spriggan air magi
  22 ice dragons
  30 vault guards
  A catoblepas (shapeshifter) (Depths:3)
  13 alligators
  13 anacondas
  4 small abominations
  A tengu warrior (D:15)
  8 deep troll shamans
  14 centaur warriors
  42 dancing weapons
  35 two-headed ogres
  17 death yaks
  5 death knights
  5 spriggan berserkers
  6 deep troll earth magi
  11 shock serpents
  A thrashing horror (Abyss:3)
  4 large abominations
  12 vampire magi
  An orc high priest (Orc:1)
  An iron golem (Depths:3)
  Urug (Lair:2)
  23 naga sharpshooters
  15 deep elf knights
  A soul eater (Crypt:3)
  Sonja (Lair:2)
  A wretched star (Abyss:3)
  4 shadow wraiths
  A titan skeleton (Crypt:3)
  23 skeletal warriors
  5 salamander mystics
  4 iron trolls
  A fire crab (shapeshifter) (Depths:3)
  2 deep trolls (shapeshifter)
  2 spriggan druids
  10 glowing orange brains
  12 hell knights
  2 sea snakes (shapeshifter)
  23 deep trolls
  3 sixfirhies (Abyss:3)
  2 unseen horrors
  4 obsidian statues (Depths:3)
  12 phantasmal warriors
  7 wizards
  9 swamp dragons
  5 flayed ghosts
  5 lindwurms
  5 shambling mangroves
  14 ironbrand convokers
  5 naga ritualists
  11 orc knights
  9 harpies
  12 necromancers
  5 orc sorcerers
  6 deep elf archers
  14 mana vipers
  54 deep elf magi
  51 ugly things
  An iron dragon zombie (Abyss:3)
  A shining eye (shapeshifter) (Depths:3)
  A wolf spider zombie (Crypt:1)
  A faun (shapeshifter) (Depths:3)
  2 shining eyes
  A wolf spider (Vaults:1)
  A shadow dragon skeleton (Crypt:3)
  3 manticores
  17 salamanders
  12 cyclopes
  3 moths of wrath (shapeshifter)
  16 moths of wrath
  15 vault sentinels
  A water nymph (shapeshifter) (Depths:3)
  35 black mambas
  A stone giant skeleton (Vaults:1)
  2 ice statues (IceCv)
  6 elephants
  A torpor snail (Lair:3)
  2 eyes of devastation
  8 guardian serpents
  18 naga magi
  5 molten gargoyles (Depths:3)
  A yaktaur zombie (Vaults:1)
  A rime drake (shapeshifter) (D:14)
  7 gargoyles
  A smoke demon (Abyss:3)
  2 rime drakes (Lair:6)
  A grey draconian zombie (Crypt:2)
  27 spiny frogs
  35 yaktaurs
  2 human zombies
  A kobold demonologist (D:12)
  An efreet (D:14)
  A yaktaur (shapeshifter) (Vaults:2)
  7 komodo dragons
  An ancient zyme (Abyss:3)
  2 ice devils (Lair:4)
  2 komodo dragons (shapeshifter)
  8 freezing wraiths
  A red draconian skeleton (Crypt:3)
  A pale draconian skeleton (Crypt:3)
  A guardian mummy (Crypt:1)
  A polar bear (Lair:6)
  A purple draconian skeleton (Crypt:2)
  3 meliai (D:15)
  A harpy zombie (Crypt:1)
  A meliai (shapeshifter) (Vaults:1)
  3 trolls
  4 wind drakes (Depths:3)
  7 tyrant leeches
  A death drake zombie (Crypt:2)
  A yellow draconian skeleton (Crypt:3)
  11 bog bodies
  2 polar bears (shapeshifter)
  13 hornets
  A hornet (shapeshifter) (Vaults:1)
  2 blink frogs (shapeshifter) (Vaults:1)
  13 dream sheep
  2 dream sheep (shapeshifter)
  7 hippogriffs
  16 blink frogs
  A slime creature (shapeshifter) (Depths:3)
  95 slime creatures
  2 hippogriffs (shapeshifter)
  4 flying skulls
  Sigmund (D:6)
  An ettin skeleton (Vaults:4)
  2 tarantellas (shapeshifter)
  2 alligator skeletons
  2 ynoxinuls (Abyss:3)
  5 spriggans
  8 air elementals
  2 shadows
  A wyvern (D:14)
  A satyr skeleton (Crypt:2)
  10 wraiths
  2 redbacks (Vaults:4)
  9 fire elementals
  19 humans
  A hog (D:14)
  15 water elementals
  35 yaks
  Eustachio (D:4)
  15 golden eyes
  A human (shapeshifter) (Depths:3)
  27 vampire mosquitoes
  A hungry ghost (D:14)
  2 basilisks
  Menkaure (D:4)
  Edmund (D:6)
  16 insubstantial wisps
  5 wargs
  43 nagas
  A yaktaur simulacrum (Vaults:4)
  A soldier ant (D:13)
  25 swamp worms
  An acid dragon (Vaults:1)
  2 floating eyes
  A soldier ant (shapeshifter) (Vaults:2)
  10 water moccasins
  6 porcupines
  A floating eye (shapeshifter) (Vaults:2)
  An infernal demonspawn skeleton (Crypt:1)
  11 swamp drakes
  A faun skeleton (Crypt:2)
  6 black bears
  15 ice beasts
  48 orc warriors
  11 eyes of draining
  An ice beast (shapeshifter) (Depths:3)
  A sky beast (shapeshifter) (Depths:4)
  An elf zombie (Vaults:4)
  An ettin simulacrum (Vaults:4)
  7 necrophages
  3 phantoms
  13 boggarts
  32 ogres
  31 centaurs
  10 wolves
  6 big kobolds
  13 crocodiles
  Blork the orc (Orc:1)
  A bullfrog (shapeshifter) (Depths:3)
  31 bullfrogs
  3 gnoll sergeants
  10 earth elementals
  A wyvern zombie (D:8)
  5 human skeletons
  2 wyvern skeletons
  A scorpion (D:7)
  A water moccasin skeleton (D:5)
  20 killer bees
  14 wights
  2 howler monkeys (D:10)
  3 electric eels
  14 jellies
  5 crimson imps
  5 hounds
  A quasit (D:8)
  A basilisk zombie (Crypt:1)
  3 bullfrog zombies
  4 centaur zombies
  3 iron imps (Abyss:3)
  A bullfrog skeleton (D:7)
  10 centaur skeletons
  18 orc priests
  2 basilisk skeletons (Crypt:2)
  7 iguanas
  26 orc wizards
  Natasha (thrice) (D:4)
  10 worker ants
  A killer bee zombie (Crypt:1)
  An ogre zombie (Crypt:3)
  A deep dwarf zombie (Crypt:1)
  A naga skeleton (Crypt:1)
  A sky beast zombie (Crypt:3)
  3 hound skeletons
  2 hound zombies
  4 mummies (Crypt:1)
  A worker ant zombie (D:6)
  Robin (D:3)
  16 adders
  10 gnolls
  A steam dragon zombie (Crypt:1)
  A howler monkey skeleton (D:9)
  6 shadow imps
  8 oozes
  4 worms
  2 ball lightnings (Depths:3)
  2 dart slugs (D:1)
  6 leopard geckos
  104 orcs
  3 ball pythons
  15 bats
  6 giant cockroaches
  A gnoll zombie (Crypt:3)
  15 goblins
  6 hobgoblins
  9 jackals
  7 quokkas
  3 frilled lizards
  A jackal skeleton (Crypt:2)
  24 kobolds
  2 leopard gecko skeletons
  A quokka zombie (D:8)
  4 rats
  A river rat skeleton (Crypt:3)
  2 crawling corpses (Vaults:5)
2602 creatures vanquished.

Vanquished Creatures (collateral kills)
  2 vampire knights (Crypt:2)
  A shining eye (Slime:3)
3 creatures vanquished.

Vanquished Creatures (others)
  A golden dragon (Vaults:5)
  2 draconian knights (Zot:4)
  A fire giant (Vaults:4)
  A war gargoyle (Depths:3)
  2 ogre magi (Vaults:5)
  A naga sharpshooter (Snake:4)
  A deep troll shaman (Depths:1)
  A harpy (Vaults:3)
  A deep elf mage (Elf:2)
  A cyclops (D:13)
  A black mamba (Snake:4)
  An eye of devastation (Slime:5)
  A bog body (Swamp:2)
  2 water elementals
  6 humans (D:14)
  A swamp worm (Swamp:1)
  A swamp drake (Swamp:4)
  2 boggarts
  A centaur (D:14)
  13 ball lightnings (Depths:3)
  2 orcs
  A bat (Lair:6)
  19 fungi
  53 plants
  2 starspawn tentacles (Abyss:3)
118 creatures vanquished.

Grand Total: 2723 creatures vanquished

Notes
Turn   | Place    | Note
-------+----------+-------------------------------------------
     0 | D:1      | Gorice the Demonspawn Wanderer began the quest for the Orb.
     0 | D:1      | Gorice set off with: a +2 quarterstaff, a +0 ring mail, a scroll of teleportation {!r}, a bread ration {!e}
     0 | D:1      | Reached XP level 1. HP: 18/18 MP: 1/1
   219 | D:1      | HP: 5/18 [jackal (2)]
   597 | D:1      | Gained mutation: You have sharp toenails. [demonic ancestry]
   597 | D:1      | Reached XP level 2. HP: 24/24 MP: 2/2
   680 | D:1      | Reached skill level 3 in Armour
   778 | D:1      | Reached skill level 2 in Staves
  1229 | D:2      | Reached XP level 3. HP: 22/29 MP: 3/3
  1580 | D:2      | Gained mutation: You have razor-sharp toenails. [demonic ancestry]
  1580 | D:2      | Reached XP level 4. HP: 30/35 MP: 4/4
  1618 | D:2      | Reached skill level 3 in Staves
  1720 | D:2      | Found a deep blue altar of Sif Muna.
  1972 | D:2      | Found an ancient bone altar of Kikubaaqudgha.
  2638 | D:3      | Noticed Robin
  2823 | D:3      | Killed Robin
  2823 | D:3      | Reached XP level 5. HP: 35/41 MP: 5/5
  3176 | D:3      | Reached skill level 4 in Staves
  3470 | D:4      | Reached skill level 4 in Armour
  3732 | D:4      | Noticed Natasha
  3747 | D:4      | Killed Natasha
  3747 | D:4      | Gained mutation: When hurt, damage is shared between your health and your magic reserves. [demonic ancestry]
  3747 | D:4      | Reached XP level 6. HP: 21/47 MP: 6/6
  3849 | D:4      | Noticed Menkaure
  3850 | D:4      | Found an iron altar of Okawaru.
  3861 | D:4      | HP: 12/47 [Menkaure (10)]
  3865 | D:4      | Killed Menkaure
  3865 | D:4      | Reached skill level 5 in Staves
  3971 | D:4      | Gained mutation: Your flesh is heat resistant. (rF+) [demonic ancestry]
  3971 | D:4      | Reached XP level 7. HP: 52/52 MP: 7/7
  4080 | D:4      | Found a hazy altar of Hepliaklqana.
  4170 | D:4      | Noticed Natasha
  4181 | D:4      | Killed Natasha
  4246 | D:4      | Found a glowing silver altar of Zin.
  4246 | D:4      | Found a shadowy altar of Dithmenos.
  4497 | D:4      | Noticed Natasha
  4498 | D:4      | Killed Natasha
  4509 | D:4      | Reached skill level 6 in Staves
  4509 | D:4      | Reached skill level 5 in Armour
  4634 | D:5      | Entered Level 5 of the Dungeon
  4694 | D:5      | Found a staircase to the Ecumenical Temple.
  4703 | D:5      | Noticed Eustachio
  4783 | D:4      | Killed Eustachio
  4865 | D:5      | Reached skill level 7 in Staves
  4865 | D:5      | Gained mutation: You are partially covered in iridescent scales. (AC +2) [demonic ancestry]
  4865 | D:5      | Reached XP level 8. HP: 57/58 MP: 8/8
  4911 | Temple   | Entered the Ecumenical Temple
  4971 | Temple   | Became a worshipper of Qazlal Stormbringer
  5094 | D:5      | Found a basalt altar of Yredelemnul.
  5408 | D:6      | Noticed Sigmund
  5425 | D:6      | Killed Sigmund
  5492 | D:6      | Reached skill level 6 in Armour
  5631 | D:6      | Found a basalt altar of Yredelemnul.
  5644 | D:6      | Noticed Edmund
  5658 | D:6      | Reached skill level 8 in Staves
  5834 | D:6      | Found a glowing golden altar of the Shining One.
  6330 | D:7      | Reached * piety under Qazlal
  6330 | D:7      | Reached XP level 9. HP: 59/63 MP: 9/9
  6452 | D:7      | Reached skill level 9 in Staves
  6458 | D:7      | Reached skill level 7 in Armour
  7345 | D:8      | Noticed a two-headed ogre
  7467 | D:8      | Reached skill level 10 in Staves
  7523 | D:8      | Noticed a two-headed ogre
  7547 | D:8      | Killed a two-headed ogre
  7547 | D:8      | Reached skill level 8 in Armour
  7580 | D:8      | Reached ** piety under Qazlal
  7701 | D:8      | Gained mutation: You are mostly covered in iridescent scales. (AC +4) [demonic ancestry]
  7701 | D:8      | Reached XP level 10. HP: 70/70 MP: 10/10
  8164 | D:8      | Killed a two-headed ogre
  8164 | D:8      | Reached skill level 11 in Staves
  8681 | D:9      | Found a staircase to the Orcish Mines.
  8704 | D:8      | Reached *** piety under Qazlal
  8815 | D:9      | Reached skill level 9 in Armour
  8924 | D:9      | Reached skill level 12 in Staves
  9096 | D:9      | Found a staircase to the Lair.
  9226 | D:9      | Found Omoiterch's Food Emporium.
  9515 | Lair:1   | Entered Level 1 of the Lair of Beasts
  9527 | Lair:1   | Reached XP level 11. HP: 54/75 MP: 8/11
  9644 | Lair:1   | Got a pitted lead amulet
  9652 | Lair:1   | Identified the amulet "Iceeno" {Spirit +Inv rN+++ MR+ Dex-4} (You found it on level 1 of the Lair of Beasts)
 10632 | Lair:1   | Reached skill level 13 in Staves
 10806 | Lair:2   | Noticed Urug
 10834 | Lair:2   | HP: 18/75 [Urug/scimitar of freezing (7)]
 10836 | Lair:2   | HP: 8/75 [Urug/scimitar of freezing (10)]
 10839 | Lair:2   | Killed Urug
 10839 | Lair:2   | Reached skill level 10 in Armour
 10943 | Lair:2   | Noticed Sonja
 10952 | Lair:2   | Killed Sonja
 11270 | Lair:2   | Reached **** piety under Qazlal
 11408 | Lair:2   | Found a staircase to the Swamp.
 11907 | Lair:2   | Reached skill level 14 in Staves
 12016 | Lair:3   | Noticed a death yak
 12051 | Lair:3   | Killed a death yak
 12051 | Lair:3   | Reached skill level 1 in Invocations
 12110 | Lair:3   | Noticed a death yak
 12111 | Lair:3   | Noticed a death yak
 12118 | Lair:3   | Noticed a death yak
 12119 | Lair:3   | Noticed a death yak
 12120 | Lair:3   | Noticed a death yak
 12127 | Lair:2   | Killed a death yak
 12127 | Lair:2   | Reached skill level 2 in Invocations
 12127 | Lair:2   | Reached XP level 12. HP: 78/81 MP: 13/13
 12297 | Lair:3   | Reached skill level 3 in Invocations
 12306 | Lair:3   | Reached skill level 4 in Fighting
 12483 | Lair:3   | Killed a death yak
 12483 | Lair:3   | Reached skill level 11 in Armour
 12535 | Lair:2   | HP: 23/83 [black mamba (3)]
 12540 | Lair:2   | HP: 12/83 [poisoned by a black mamba]
 12547 | Lair:2   | Reached skill level 4 in Invocations
 12737 | Lair:3   | You fall through a shaft for 2 floors!
 12803 | Lair:4   | HP: 25/84 [lindwurm (9)]
 12809 | Lair:4   | HP: 25/85 [poisoned by a spiny frog]
 12815 | Lair:4   | HP: 23/85 [poisoned by a spiny frog]
 12820 | Lair:4   | HP: 18/85 [poisoned by a spiny frog]
 12822 | Lair:4   | Reached skill level 5 in Invocations
 12825 | Lair:4   | HP: 20/85 [poisoned by a spiny frog]
 12838 | Lair:4   | Found a staircase to the Snake Pit.
 12849 | Lair:4   | Reached skill level 5 in Fighting
 13005 | Lair:4   | Found a frozen archway.
 13059 | IceCv    | Entered an ice cave
 13076 | IceCv    | Reached skill level 6 in Invocations
 13101 | IceCv    | Found a transporter.
 13231 | IceCv    | HP: 25/87 [ice beast[an ice statue] (4)]
 13365 | IceCv    | Reached skill level 6 in Fighting
 13492 | Lair:2   | Killed a death yak
 13568 | Lair:2   | Killed a death yak
 13568 | Lair:2   | Reached skill level 7 in Invocations
 13617 | Lair:3   | Killed a death yak
 14757 | Lair:5   | Reached skill level 8 in Invocations
 14897 | Lair:5   | Reached skill level 7 in Fighting
 14922 | Lair:5   | Reached XP level 13. HP: 68/96 MP: 13/19
 14984 | Lair:5   | Reached skill level 12 in Armour
 15855 | D:6      | Killed Edmund
 16012 | Lair:6   | Entered Level 6 of the Lair of Beasts
 16202 | Lair:6   | Reached skill level 9 in Invocations
 16295 | Lair:5   | Reached ***** piety under Qazlal
 16449 | Lair:6   | Reached skill level 8 in Fighting
 16719 | Lair:5   | Reached skill level 10 in Invocations
 17325 | Lair:6   | Reached skill level 9 in Fighting
 17496 | Lair:6   | Reached skill level 11 in Invocations
 17686 | Lair:6   | Reached skill level 13 in Armour
 18119 | Lair:6   | Reached XP level 14. HP: 105/109 MP: 20/22
 18533 | Lair:5   | Reached skill level 10 in Fighting
 18533 | Lair:5   | Reached skill level 12 in Invocations
 18763 | Lair:6   | Found a staircase to the Slime Pits.
 18763 | Lair:6   | Found a viscous altar of Jiyva.
 19158 | Orc:1    | Entered Level 1 of the Orcish Mines
 19354 | Orc:2    | Entered Level 2 of the Orcish Mines
 19370 | Orc:2    | Noticed Blork the orc
 19464 | Orc:1    | Killed Blork the orc
 20135 | Orc:2    | Noticed an orc warlord
 20165 | Orc:1    | Reached ****** piety under Qazlal
 20218 | Orc:1    | Killed an orc warlord
 20500 | Orc:2    | Found a roughly hewn altar of Beogh.
 20557 | Orc:2    | Found Tuylexyun's General Store.
 20632 | Orc:2    | Found Gecamame's Jewellery Shoppe.
 20666 | Orc:2    | Found Viuv's Antique Weapon Shoppe.
 20683 | Orc:2    | Found Qefomali's Antique Armour Shoppe.
 20873 | Orc:1    | Noticed a stone giant
 20887 | Orc:1    | Noticed Harold
 20901 | Orc:2    | Killed a stone giant
 20901 | Orc:2    | Reached skill level 13 in Invocations
 21004 | Orc:2    | Killed Harold
 21076 | Orc:2    | Found a roughly hewn altar of Beogh.
 21094 | Orc:2    | Found Atwob's Armour Shop.
 21130 | Orc:2    | Found a staircase to the Elven Halls.
 21990 | Orc:2    | Bought the +3 crystal plate armour of Hepliaklqana's Envy {Str+2 Int+2} for 1287 gold pieces
 22095 | D:10     | Entered Level 10 of the Dungeon
 22257 | D:10     | Reached skill level 11 in Fighting
 23051 | D:11     | Reached skill level 14 in Armour
 23717 | D:12     | Found Voxzial's Food Shoppe.
 24077 | D:12     | Gained mutation: You regenerate magic rapidly. [demonic ancestry]
 24077 | D:12     | Reached XP level 15. HP: 119/119 MP: 25/25
 24107 | D:12     | Reached skill level 14 in Invocations
 25754 | D:14     | Noticed Kirke
 25769 | D:13     | Killed Kirke
 25769 | D:13     | Reached skill level 12 in Fighting
 26265 | D:14     | Reached skill level 15 in Invocations
 26738 | D:14     | Found a gate to the Vaults.
 27227 | D:15     | Entered Level 15 of the Dungeon
 27280 | D:14     | Reached skill level 15 in Armour
 27944 | D:15     | Noticed Louise
 27949 | D:15     | Killed Louise
 27949 | D:15     | Reached skill level 13 in Fighting
 28294 | D:15     | Reached XP level 16. HP: 116/130 MP: 7/27
 28336 | D:15     | Found a staircase to the Depths.
 28633 | Orc:2    | Bought an uncursed ring of poison resistance for 280 gold pieces
 28816 | Swamp:1  | Entered Level 1 of the Swamp
 28834 | Lair:2   | Reached skill level 16 in Invocations
 29755 | Swamp:1  | Reached skill level 2 in Evocations
 30138 | Swamp:2  | Reached skill level 3 in Evocations
 30145 | Swamp:2  | Got a polished scale mail
 30212 | Swamp:2  | Noticed Roxanne
 30587 | Swamp:3  | Noticed a thorn hunter
 30597 | Swamp:3  | Killed a thorn hunter
 30836 | Swamp:3  | Noticed a thorn hunter
 30840 | Swamp:2  | Reached skill level 4 in Evocations
 30901 | Swamp:3  | Killed a thorn hunter
 31782 | Snake:1  | Entered Level 1 of the Snake Pit
 31810 | Lair:4   | Reached skill level 14 in Fighting
 31936 | Snake:1  | Found Axzori's Antique Armour Boutique.
 31944 | Snake:1  | Found Buyqef's Gadget Shop.
 31982 | Snake:1  | Noticed Aizul
 32008 | Snake:1  | Killed Aizul
 32008 | Snake:1  | Reached skill level 5 in Evocations
 32102 | Snake:1  | Reached skill level 16 in Armour
 33898 | Snake:3  | Got a transparent ring mail
 33949 | Snake:3  | Reached skill level 6 in Evocations
 34232 | Snake:3  | Reached XP level 17. HP: 119/140 MP: 29/29
 34498 | Snake:3  | Reached skill level 7 in Evocations
 35092 | Snake:3  | Reached skill level 15 in Fighting
 36039 | Swamp:4  | Entered Level 4 of the Swamp
 36179 | Swamp:3  | Reached skill level 8 in Evocations
 36843 | Swamp:4  | Paralysed by a hornet for 3 turns
 36988 | Swamp:4  | Reached skill level 9 in Evocations
 37083 | Swamp:4  | Reached skill level 17 in Armour
 37364 | Snake:1  | Bought the +3 pair of gauntlets of War {Slay+5} for 1520 gold pieces
 37364 | Snake:1  | Found the +3 pair of gauntlets of War {Slay+5}
 38133 | Swamp:4  | Got a decaying rune of Zot
 38445 | Snake:4  | Entered Level 4 of the Snake Pit
 38759 | Snake:4  | Gained mutation: You are immune to clouds of flame. [demonic ancestry]
 38759 | Snake:4  | Reached XP level 18. HP: 120/151 MP: 24/30
 39175 | Snake:4  | Reached skill level 10 in Evocations
 39220 | Snake:4  | Reached skill level 16 in Fighting
 40601 | Snake:4  | Reached skill level 17 in Invocations
 40888 | Snake:4  | Reached skill level 18 in Armour
 41025 | Snake:4  | Got a serpentine rune of Zot
 41372 | Vaults:1 | Entered Level 1 of the Vaults
 41568 | Vaults:1 | Reached skill level 18 in Invocations
 42045 | Vaults:1 | Gained mutation: You have claws for feet. [demonic ancestry]
 42045 | Vaults:1 | Reached XP level 19. HP: 126/157 MP: 28/32
 42686 | Vaults:1 | Found Jetixucorch's General Store.
 42690 | Vaults:1 | Reached skill level 19 in Invocations
 43283 | Vaults:1 | Reached skill level 19 in Armour
 43435 | Vaults:1 | Found Irphac's Food Emporium.
 44051 | Vaults:2 | Noticed Saint Roka
 44072 | Vaults:2 | Killed Saint Roka
 44072 | Vaults:2 | Reached skill level 20 in Invocations
 45892 | Vaults:3 | Found a staircase to the Crypt.
 45892 | Vaults:3 | Found a basalt altar of Yredelemnul.
 45892 | Vaults:3 | Found an ancient bone altar of Kikubaaqudgha.
 45942 | Vaults:3 | Gained mutation: You resist negative energy. (rN+) [demonic ancestry]
 45942 | Vaults:3 | Reached XP level 20. HP: 159/164 MP: 34/34
 46490 | Vaults:4 | Noticed Margery
 46528 | Vaults:3 | Killed Margery
 46703 | Vaults:4 | Reached skill level 21 in Invocations
 47091 | Vaults:4 | Noticed Jorgrun
 47101 | Vaults:4 | Killed Jorgrun
 47150 | Vaults:4 | Reached skill level 20 in Armour
 47644 | Vaults:4 | Noticed Mara
 47721 | Vaults:4 | Killed Mara
 47970 | Vaults:4 | Found a portal to a secret trove of treasure.
 48657 | Lair:1   | Learned a level 1 spell: Apportation
 48661 | Lair:1   | Learned a level 3 spell: Portal Projectile
 48665 | Lair:1   | Learned a level 3 spell: Regeneration
 48718 | Elf:1    | Entered Level 1 of the Elven Halls
 48734 | Elf:1    | Noticed Asterion
 48787 | Orc:2    | Killed Asterion
 48860 | Elf:1    | Reached skill level 22 in Invocations
 48969 | Elf:1    | Found Vorch's Magic Scroll Boutique.
 48989 | Elf:1    | Found Rykhy's Distillery.
 48999 | Elf:1    | Bought a potion of heal wounds for 60 gold pieces
 49003 | Elf:1    | Noticed Frances
 49008 | Elf:1    | Killed Frances
 49128 | Elf:1    | Found Sastrume's Book Boutique.
 49272 | Elf:1    | Found Foej's Food Shop.
 49378 | Elf:1    | Identified Sif Muna's Incunabulum of Calling
 49382 | Elf:1    | Learned a level 1 spell: Summon Butterflies
 49611 | Elf:2    | Found Bic Efa's General Store.
 49732 | Elf:2    | Found Kump's Jewellery Boutique.
 49787 | Elf:2    | Found Xuytyiph's General Store.
 49818 | Elf:2    | Found Xiecerus's Armour Boutique.
 49899 | Elf:2    | Noticed Nikola
 49907 | Elf:2    | Killed Nikola
 49907 | Elf:2    | Reached skill level 21 in Armour
 49928 | Elf:2    | Upgraded the game from 0.21-a0-538-gd16b88a to 0.21-a0-552-g593960d
 49946 | Elf:2    | Found Maisa's Gadget Boutique.
 49976 | Elf:2    | Found a huge runed gate.
 49976 | Elf:2    | Found a huge runed gate.
 49976 | Elf:2    | Found a huge runed gate.
 49977 | Elf:2    | Found a huge runed gate.
 49979 | Elf:2    | Found a huge runed gate.
 50156 | Elf:2    | HP: 49/164 [poisoned by a trident of venom]
 50161 | Elf:2    | HP: 46/164 [poisoned by a trident of venom]
 50166 | Elf:2    | Reached skill level 1 in Throwing
 50166 | Elf:2    | HP: 45/164 [poisoned by a trident of venom]
 50171 | Elf:2    | HP: 45/164 [poisoned by a trident of venom]
 50177 | Elf:2    | HP: 47/164 [poisoned by a trident of venom]
 50182 | Elf:1    | HP: 49/164 [poisoned by a trident of venom]
 50436 | Elf:2    | Reached skill level 2 in Throwing
 50472 | Elf:2    | Gained mutation: You are somewhat able to resist unholy torments (1 in 2 success). [demonic ancestry]
 50472 | Elf:2    | Reached XP level 21. HP: 158/171 MP: 36/36
 50504 | Elf:2    | Noticed Agnes
 50537 | Elf:2    | Killed Agnes
 50537 | Elf:2    | Reached skill level 3 in Throwing
 51293 | Elf:3    | Entered Level 3 of the Elven Halls
 51293 | Elf:3    | Noticed brew9's ghost (veteran GrEE)
 51321 | Elf:3    | Killed brew9's ghost
 51321 | Elf:3    | Reached skill level 4 in Throwing
 51570 | Elf:3    | Reached skill level 5 in Throwing
 51698 | Elf:3    | Reached skill level 6 in Throwing
 51897 | Elf:3    | Cast into level 3 of the Abyss (a deep elf sorcerer)
 51913 | Abyss:3  | Gained mutation: Scrolls take you a little longer to read. [a cacodemon]
 52000 | Abyss:3  | Reached skill level 7 in Throwing
 52137 | Elf:3    | Escaped the Abyss
 52184 | Elf:3    | Gained mutation: Your body sometimes deteriorates upon taking damage. [a cacodemon]
 52315 | Elf:3    | Got a translucent bone amulet
 52420 | Elf:3    | Reached skill level 8 in Throwing
 52543 | Elf:3    | Got shimmering pearl dragon scales
 52627 | Elf:2    | Identified the +10 pearl dragon scales of the Valley of Death {rN+ MR+} (You took it off a deep elf high priest on level 3 of the Elven Halls)
 52627 | Elf:2    | --Woah! FMT!
 53172 | Elf:3    | Identified the Reference Book on Scorching Attacks
 53204 | Elf:3    | Identified the Almanac of the Dark Compass
 53222 | Elf:3    | Got a pair of slimy gloves
 53233 | Elf:3    | Identified the +0 pair of gloves of Mumblety Peg {*Drain rF+ Str+5 Dex+3} (You found it on level 3 of the Elven Halls)
 53503 | Lair:1   | Learned a level 4 spell: Summon Lightning Spire
 53515 | Lair:1   | Identified the amulet of Jase {Regen+ MP+9 Int+7 Dex-4 Slay-5} (You took it off a deep elf high priest on level 3 of the Elven Halls)
 53828 | Crypt:1  | Entered Level 1 of the Crypt
 53893 | Crypt:1  | Reached skill level 22 in Armour
 54141 | Vaults:3 | Reached skill level 1 in Dodging
 54306 | Vaults:3 | Reached skill level 2 in Dodging
 54476 | Crypt:1  | Reached skill level 3 in Dodging
 54540 | Crypt:1  | Reached XP level 22. HP: 172/179 MP: 37/37
 55087 | Crypt:1  | Reached skill level 4 in Dodging
 55328 | Crypt:1  | Reached skill level 5 in Dodging
 55497 | Crypt:2  | Found a transporter.
 55651 | Crypt:2  | Noticed Boris
 55669 | Crypt:2  | Killed Boris
 55740 | Crypt:2  | Found a transporter.
 56043 | Crypt:2  | Noticed an ancient lich
 56073 | Crypt:2  | Killed an ancient lich
 56073 | Crypt:2  | Reached skill level 17 in Fighting
 56073 | Crypt:2  | Reached skill level 6 in Dodging
 56076 | Crypt:2  | Paralysed by a vampire knight for 7 turns
 56088 | Crypt:2  | HP: 52/181 [vampire knight/battleaxe (4)]
 56288 | Crypt:2  | Gained mutation: Scrolls take you longer to read. [a cacodemon]
 56290 | Crypt:2  | Reached skill level 7 in Dodging
 56341 | Crypt:2  | Got a transparent jade ring
 56373 | Crypt:2  | Got a faintly glowing bronze amulet
 56379 | Crypt:2  | Got a twitching turquoise ring
 56385 | Crypt:2  | Identified the ring "Fotid" {Wiz Stlth+} (You found it on level 2 of the Crypt)
 56387 | Crypt:2  | Identified the ring of Xom's Full Attention {+Fly rPois Str+4} (You found it on level 2 of the Crypt)
 56392 | Crypt:2  | Identified the amulet of Ryabuat {Reflect Int+3 SH+3 SInv} (You found it on level 2 of the Crypt)
 57063 | Crypt:3  | Entered Level 3 of the Crypt
 57236 | Crypt:2  | Reached skill level 8 in Dodging
 57461 | Crypt:3  | Noticed a curse toe
 57924 | Crypt:3  | Killed a curse toe
 57924 | Crypt:3  | Reached skill level 18 in Fighting
 57942 | Crypt:3  | Reached skill level 9 in Dodging
 57987 | Crypt:3  | Found a staircase to the Tomb.
 58350 | Crypt:3  | Noticed an ancient lich
 58405 | Crypt:3  | Killed an ancient lich
 58427 | Crypt:3  | Identified the Volume of Evil
 58437 | Crypt:3  | Identified Sophisticated Witchcraft
 58986 | Depths:1 | Entered Level 1 of the Depths
 58991 | Depths:1 | Gained mutation: Your melee attacks may debilitate your foes. [demonic ancestry]
 58991 | Depths:1 | Reached XP level 23. HP: 190/190 MP: 38/38
 59110 | Depths:1 | Found a gateway to Hell.
 59296 | Depths:1 | Reached skill level 10 in Dodging
 59439 | Depths:1 | Found Jajoasy's Changing Room.
 60131 | Depths:1 | Found Demuing's Gadget Shoppe.
 60131 | Depths:1 | Found Otiuq's Jewellery Boutique.
 60132 | Depths:1 | Found Hosead's Gadget Shoppe.
 60663 | Depths:2 | Reached skill level 19 in Fighting
 60691 | Depths:2 | Reached skill level 11 in Dodging
 61155 | Depths:2 | Reached skill level 12 in Dodging
 61833 | Depths:2 | Noticed a caustic shrike
 61850 | Depths:2 | Killed a caustic shrike
 62368 | Depths:3 | Paralysed by a floating eye for 4 turns
 62449 | Depths:3 | Noticed Bai Suzhen
 62495 | Depths:3 | Killed Bai Suzhen
 62495 | Depths:3 | Reached skill level 20 in Fighting
 62516 | Depths:3 | Gained mutation: You are completely covered in iridescent scales. (AC +6) [demonic ancestry]
 62516 | Depths:3 | Reached XP level 24. HP: 201/204 MP: 36/38
 62618 | Depths:3 | Reached skill level 1 in Spellcasting
 62618 | Depths:3 | Reached skill level 1 in Summonings
 62628 | Depths:2 | Reached skill level 1 in Translocations
 62878 | Depths:3 | Reached skill level 2 in Summonings
 62883 | Depths:3 | Reached skill level 13 in Dodging
 62891 | Depths:3 | Reached skill level 2 in Spellcasting
 62891 | Depths:3 | Reached skill level 2 in Translocations
 63121 | Depths:3 | Reached skill level 3 in Summonings
 63148 | Depths:3 | Reached skill level 3 in Spellcasting
 63148 | Depths:3 | Reached skill level 3 in Translocations
 63447 | Depths:3 | Reached skill level 4 in Summonings
 63508 | Depths:3 | Found the +4 Vampire's Tooth {vamp}
 63583 | Depths:3 | Found a one-way gate to the infinite horrors of the Abyss.
 63675 | Depths:3 | Found a one-way gate leading to the halls of Pandemonium.
 63828 | Depths:3 | Got a spiked plate armour
 64229 | Depths:3 | Reached skill level 4 in Translocations
 64291 | Depths:3 | Reached skill level 4 in Spellcasting
 64526 | Depths:3 | Identified the +6 plate armour of Vehumet's Regard {Str+4} (You found it on level 3 of the Depths)
 64875 | Depths:3 | Reached skill level 5 in Summonings
 65007 | Depths:3 | Upgraded the game from 0.21-a0-552-g593960d to 0.21-a0-578-gc6e9d75
 65054 | Depths:3 | Reached skill level 5 in Translocations
 65088 | Depths:4 | Reached skill level 5 in Spellcasting
 65119 | Depths:4 | Noticed Boris
 65231 | Depths:4 | Noticed Xtahua
 65304 | Depths:2 | HP: 58/204 [Xtahua (8)]
 65311 | Depths:2 | HP: 52/204 [Xtahua (4)]
 65314 | Depths:2 | Killed Xtahua
 65505 | Depths:3 | Killed Boris
 65505 | Depths:3 | Reached skill level 6 in Summonings
 65920 | Depths:4 | Reached skill level 6 in Translocations
 66046 | Depths:3 | Reached skill level 6 in Spellcasting
 66121 | Depths:4 | Reached skill level 14 in Dodging
 66325 | Depths:4 | Identified the Disquisition on Cloudy Summoning
 66450 | Depths:4 | Found a corrupted altar of Lugonu.
 66488 | Depths:4 | Found a gateway to a ziggurat.
 66590 | Depths:4 | Reached skill level 7 in Summonings
 66608 | Depths:4 | Gained mutation: When low on magic, you restore magic in place of health. [demonic ancestry]
 66608 | Depths:4 | Reached XP level 25. HP: 191/210 MP: 36/38
 66662 | Depths:4 | Learned a level 5 spell: Aura of Abjuration
 67113 | Lair:1   | Lost mutation: Your body sometimes deteriorates upon taking damage. [potion of mutation]
 67113 | Lair:1   | Lost mutation: Scrolls take you longer to read. [potion of mutation]
 67113 | Lair:1   | Lost mutation: Scrolls take you a little longer to read. [potion of mutation]
 67113 | Lair:1   | Gained mutation: You have supernaturally acute eyesight. (SInv) [potion of mutation]
 67113 | Lair:1   | Gained mutation: You are covered in fur. (AC +1) [potion of mutation]
 67113 | Lair:1   | Gained mutation: You evolve. [potion of mutation]
 67114 | Lair:1   | --That worked rather better than expected!
 67223 | Elf:1    | Bought a book of Minor Magic for 240 gold pieces
 67226 | Elf:1    | Learned a level 2 spell: Blink
 67520 | Depths:5 | Entered Level 5 of the Depths
 67609 | Depths:5 | Noticed Frederick
 67619 | Depths:5 | Killed Frederick
 67623 | Depths:5 | Reached skill level 7 in Spellcasting
 67623 | Depths:5 | Reached skill level 7 in Translocations
 67725 | Depths:5 | Reached skill level 1 in Hexes
 67791 | Depths:5 | Noticed SpeedyPerson7's ghost (veteran MiBe)
 67843 | Depths:5 | Killed SpeedyPerson7's ghost
 67843 | Depths:5 | Reached skill level 2 in Hexes
 67951 | Depths:5 | Reached skill level 8 in Summonings
 68000 | Depths:5 | Lost mutation: You are covered in fur. (AC +1) [evolution]
 68016 | Depths:5 | --easy come, easy go I suppose!
 68344 | Depths:5 | Found a burning altar of Makhleb.
 68813 | Depths:5 | Reached skill level 3 in Hexes
 68860 | Depths:5 | Found a gate to the Realm of Zot.
 69418 | Vaults:5 | Entered Level 5 of the Vaults
 69564 | Vaults:4 | Reached skill level 8 in Spellcasting
 69576 | Vaults:4 | Reached skill level 4 in Hexes
 69599 | Vaults:5 | Noticed an ancient lich
 69600 | Vaults:5 | Noticed an ancient lich
 69666 | Vaults:4 | Reached skill level 9 in Summonings
 69704 | Vaults:5 | Reached skill level 5 in Hexes
 69944 | Vaults:3 | Reached skill level 15 in Dodging
 69988 | Vaults:4 | Killed an ancient lich
 70014 | Vaults:4 | Reached skill level 9 in Spellcasting
 70051 | Vaults:4 | Reached skill level 6 in Hexes
 70071 | Vaults:5 | HP: 61/210 [iron dragon (10)]
 70116 | Vaults:5 | HP: 38/210 [ettin/dire flail (12)]
 70170 | Vaults:5 | HP: 63/210 [tengu reaver/long sword (1)]
 70175 | Vaults:4 | HP: 58/210 [poisoned by a tengu reaver (bolt of poison)]
 70181 | Vaults:4 | HP: 55/210 [poisoned by a tengu reaver (bolt of poison)]
 70186 | Vaults:4 | HP: 34/210 [poisoned by a tengu reaver (bolt of poison)]
 70191 | Vaults:4 | HP: 34/210 [poisoned by a tengu reaver (bolt of poison)]
 70198 | Vaults:4 | HP: 36/210 [poisoned by a tengu reaver (bolt of poison)]
 70206 | Vaults:4 | HP: 41/210 [poisoned by a tengu reaver (bolt of poison)]
 70437 | Vaults:4 | Reached skill level 10 in Summonings
 70647 | Vaults:4 | Reached skill level 7 in Hexes
 70650 | Vaults:4 | Gained mutation: Your demonic aura causes spilled blood to erupt in flames. [demonic ancestry]
 70650 | Vaults:4 | Reached XP level 26. HP: 173/218 MP: 37/38
 70713 | Vaults:4 | Killed an ancient lich
 70855 | Vaults:5 | Reached skill level 10 in Spellcasting
 70949 | Vaults:5 | Reached skill level 8 in Hexes
 70949 | Vaults:5 | Reached skill level 11 in Summonings
 71001 | Vaults:5 | Reached skill level 1 in Necromancy
 71004 | Vaults:5 | Reached skill level 1 in Air Magic
 71016 | Vaults:5 | Reached skill level 2 in Necromancy
 71206 | Vaults:5 | Reached skill level 2 in Air Magic
 71322 | Vaults:5 | Reached skill level 3 in Necromancy
 71802 | Vaults:5 | Got a wavering ivory ring
 71815 | Vaults:5 | Got a silver rune of Zot
 71822 | Vaults:5 | Identified the ring of the Trilobite {Ice rPois MR+ SInv} (You found it on level 5 of the Vaults)
 72319 | Slime:1  | Entered Level 1 of the Pits of Slime
 72321 | Slime:1  | Reached skill level 3 in Air Magic
 72337 | Slime:1  | Reached skill level 16 in Dodging
 72339 | Slime:1  | Reached skill level 4 in Necromancy
 72516 | Lair:6   | Reached skill level 1 in Charms
 72551 | Slime:1  | Reached skill level 4 in Air Magic
 72593 | Slime:1  | Reached skill level 2 in Charms
 72777 | Slime:3  | Reached skill level 3 in Charms
 72816 | Slime:3  | Reached skill level 5 in Air Magic
 72895 | Slime:5  | Entered Level 5 of the Pits of Slime
 72907 | Slime:5  | Noticed the Royal Jelly
 72994 | Slime:3  | Reached skill level 5 in Necromancy
 73038 | Slime:4  | Paralysed by a floating eye for 4 turns
 73171 | Slime:4  | Reached skill level 4 in Charms
 73232 | Slime:5  | Reached skill level 6 in Air Magic
 73724 | Slime:5  | Found a viscous altar of Jiyva.
 73735 | Slime:5  | Killed the Royal Jelly
 73735 | Slime:5  | Reached skill level 5 in Charms
 73750 | Slime:5  | Reached skill level 7 in Air Magic
 73792 | Slime:5  | Found the +9 staff of Wucad Mu {channel}
 73792 | Slime:5  | Identified Vehumet's Compendium of Confrontation and Ignition
 73797 | Slime:5  | Reached skill level 23 in Armour
 73813 | Slime:5  | Got a slimy rune of Zot
 73815 | Slime:5  | Got a heavily runed pewter ring
 73921 | Slime:5  | Got a scorched plate armour
 74181 | Lair:1   | Identified the +8 plate armour of Evolution {rF+} (You found it on level 5 of the Pits of Slime)
 74194 | Lair:1   | Identified the ring "Rej Fuhyufy" {Str+4 Dex+6 Stlth-} (You found it on level 5 of the Pits of Slime)
 74230 | Lair:1   | Upgraded the game from 0.21-a0-578-gc6e9d75 to 0.21-a0-582-g1b93aee
 74528 | Vaults:4 | You paid a toll of 22 scrolls of identify to enter a treasure trove
 74529 | Trove    | Entered a treasure trove
 74584 | Trove    | --Wow, when a trove only wants 24 ?ID it's rarely not worth it...
 74584 | Trove    | --...but that was the worst trove ever!
 74684 | Trove    | --All just crappy armour, mostly robes, not even 1 artifact!
 75014 | Lair:1   | Learned a level 6 spell: Shadow Creatures
 75139 | Elf:2    | Bought a scroll of enchant weapon for 120 gold pieces
 75139 | Elf:2    | Bought a scroll of enchant weapon for 120 gold pieces
 75139 | Elf:2    | Bought a potion of haste for 160 gold pieces
 75181 | Elf:1    | Bought a potion of might for 48 gold pieces
 75181 | Elf:1    | Bought a potion of mutation for 96 gold pieces
 75181 | Elf:1    | Bought a potion of cancellation for 96 gold pieces
 75181 | Elf:1    | Bought a potion of might for 48 gold pieces
 75234 | Orc:2    | Bought a scroll of enchant weapon for 105 gold pieces
 75234 | Orc:2    | Bought a scroll of enchant weapon for 105 gold pieces
 75493 | Zot:1    | Entered Level 1 of the Realm of Zot
 75548 | Depths:5 | Reached skill level 6 in Charms
 75548 | Depths:5 | Reached XP level 27. HP: 224/224 MP: 27/38
 75625 | Zot:1    | Reached skill level 6 in Necromancy
 76066 | Zot:1    | Reached skill level 12 in Summonings
 76291 | Zot:2    | Reached skill level 24 in Armour
 76450 | Zot:2    | Reached skill level 13 in Summonings
 76545 | Zot:2    | Found a transporter.
 77055 | Zot:3    | Noticed an ancient lich
 77060 | Zot:3    | Noticed an orb of fire
 77067 | Zot:3    | Killed an ancient lich
 77080 | Zot:3    | Killed an orb of fire
 77080 | Zot:3    | Reached skill level 14 in Summonings
 77131 | Zot:3    | Found a stormy altar of Qazlal.
 77257 | Zot:3    | Reached skill level 23 in Invocations
 78049 | Zot:4    | Reached skill level 15 in Summonings
 78127 | Zot:4    | Reached skill level 24 in Invocations
 78201 | Zot:4    | Noticed Tiamat
 78259 | Zot:4    | HP: 44/224 [Tiamat/glaive of venom (55)]
 78262 | Zot:4    | HP: 10/224 [Tiamat/glaive of venom (36)]
 78263 | Zot:4    | Mangled by Tiamat

Vault maps used:
D:1:      sevenhm_arrival_forest_fort_small_4
D:2:      lemuel_coloured_pillars_altar, serial_forest,
          infiniplex_forest_straight_3, infiniplex_forest_fountain,
          infiniplex_forest_lined_corner, infiniplex_forest_side_room,
          infiniplex_forest_lined_ring, infiniplex_forest_clump_long,
          glass_columns_a, led_sif_pool
D:3:      uniq_robin
D:4:      kennysheep_little_box, gammafunk_temple_overflow_elements,
          okawaru_metal_pillars_1_2, uniq_menkaure, uniq_natasha
D:5:      lemuel_crystal_altar, minmay_temple_entry_glass, first_bread,
          uniq_eustachio
D:6:      marbit_many_paths, yredelemnul_altar_generic, uniq_edmund,
          uniq_sigmund
D:9:      lair_entry_dummy, kennysheep_orc_monster_closet_entryway,
          serial_shops, nicolae_shop_behind_doors, the_bakery
D:12:     special_room, serial_shops,
          nicolae_shop_temple_entry_statues_fountains, hangedman_corner_corridor
D:13:     lemuel_freeze_loot_1
D:14:     grunt_vaults_entry_tiered, uniq_kirke
D:15:     gammafunk_enter_depths_forms, minivault_25, uniq_louise
Temple:   eino_wide_crystal_templ
Lair:1:   nicolae_quartered_pool_super
Lair:2:   nicolae_swamp_entry_splash_gauntlet, uniq_urug, uniq_sonja
Lair:4:   guppyfry_snake_entry_garden, portal_ice_cave_demonic_guard,
          grunt_megastairs_4
Lair:5:   guppyfry_lair_drakes
Lair:6:   minmay_lair_end_frog_pond, slime_altar_1, roderic_batcave
Swamp:1:  evilmike_swamp_ruin_house_5
Swamp:2:  nicolae_swamp_treefoil, uniq_roxanne
Swamp:3:  evilmike_swamp_ruin_house_3, swamp_pool2
Swamp:4:  swamp_basic_johnstein
Snake:1:  minmay_shoptagon, uniq_aizul
Snake:3:  grunt_megastairs_1
Snake:4:  snake_pit_salamanders_mu, nicolae_snake_double_loop
Slime:2:  cheibrodos_slime_lost_civilization_9
Orc:1:    uniq_harold
Orc:2:    grunt_orc_cross, basic_altar, serial_shops, shop
Elf:1:    eino_elf_arrival_the_gate, serial_shops, shop, shop_fountains,
          nicolae_shop_crystal, nicolae_shop_trees, minmay_elf_demonology,
          uniq_asterion, uniq_frances
Elf:2:    serial_shops, shop, nicolae_shop_trees, shop,
          nicolae_shop_statue_plus, nicolae_shop_crystal,
          basic_stair_grate_trap, uniq_nikola, uniq_agnes
Elf:3:    grunt_elf_hall_diamonds, lemuel_flamethrower_1, grunt_megastairs_3
Vaults:1: v_misc_24, vaults_room_octagon, v_pattern_5, ontoclasm_vaults_gallery,
          v_misc_25, vaults_dpeg_hooks, v_misc_27, vaults_room_large_hall,
          v_alt_pattern_6, v_rooms_6, v_misc_23, hangedman_vaults_snaps,
          vaults_room_mumra_shop_pool, vaults_room_corners, serial_shops,
          nicolae_shop_trees
Vaults:2: ontoclasm_vaults_ring_square, v_alt_pattern_4, vaults_room_pools,
          v_alt_pattern_3, hangedman_vaults_nails, nicolae_vaults_shelves_hall,
          v_misc_23, vaults_room_fours, st_spiral_rooms, v_misc_12, v_misc_22,
          nicolae_vaults_mini_display_case, nicolae_vaults_specimen_jars,
          uniq_saint_roka
Vaults:3: nicolae_vaults_alarming, ontoclasm_vaults_misaligned,
          hangedman_vaults_trim, v_misc_10, v_rooms_3,
          nicolae_vaults_three_branches, vaults_room_corners, v_misc_15,
          nicolae_vaults_diagonal_hallway_6, minmay_crypt_entry_necro_gods,
          ontoclasm_vaults_ring_small
Vaults:4: nicolae_vaults_hallways_thing, v_misc_16, v_misc_18,
          nicolae_vaults_back_hallway, v_pattern_2, vaults_mumra_chevron,
          st_lattice, nicolae_trove_entry_free_sample, uniq_margery, uniq_mara,
          uniq_jorgrun
Crypt:1:  grunt_crypt_arrival_guarded_gate
Crypt:2:  gammafunk_dig_for_victory, roderic_lattice_octagonal_star, uniq_boris
Crypt:3:  david_glass_crypt
Depths:1: serial_bayou_pond_e, hell_entry, nicolae_transmutations_shop,
          minmay_shop_grove, kennysheep_random_hallway
Depths:2: minmay_nested_s, grunt_metal_band, nrook_uturn,
          infiniplex_staircase_spiral, serial_bayou_shore_b
Depths:3: radiant_caverns_b_rkd, abyss_entry, hell_entry, pan_entry,
          uniq_bai_suzhen
Depths:4: minmay_the_grid_octo_triangle, enter_ziggurat_b,
          minmay_misc_feat_rows, hell_entry, abyss_entry_flame_altar,
          minmay_acid_items, uniq_boris, uniq_xtahua
Depths:5: grunt_zot_entry_bicorn, bh_walls_and_bars,
          pf_vacation_house_of_asmodeus, lemuel_statue_altar,
          serial_bayou_shore_a, uniq_frederick
Zot:2:    gammafunk_sealed_arena
Zot:3:    regret_index_qazlal_generations
Zot:4:    nicolae_moth_party, kennysheep_underground_church,
          basic_stair_grate_trap, uniq_tiamat
Abyss:3:  evilmike_nicolae_abyss_rune_containment_curve
Trove:    trove_armour_six_rooms
IceCv:    ice_cave_statue_garden_teleport

Skill      XL: |  1  2  3  4  5  6  7  8  9 10 11 12 13 14 15 16 17 18 19 20 21 22 23 24 25 26 27 |
---------------+----------------------------------------------------------------------------------+-----
Armour         | 3 4 5 6 8 9 10 11 13 14 15 16 17 18 19 21 22 23 24 | 24.1
Staves         | 2 3 4 5 7 8 10 12 14 | 14.0
Invocations    | 2 8 11 13 15 16 18 20 22 24 | 24.2
Fighting       | 7 9 11 13 14 15 16 18 20 | 20.0
Evocations     | 6 9 10 | 10.0
Throwing       | 2 8 |  8.1
Dodging        | 3 9 12 14 15 16 | 16.0
Spellcasting   | 6 9 10 | 10.0
Summonings     | 7 10 11 15 | 15.2
Translocations | 6 7 |  7.0
Hexes          | 7 8 |  8.0
Necromancy     | 5 6 |  6.0
Air Magic      | 7 |  7.0
Charms         | 6 |  6.0
Axes           | |  1.0
Stealth        | |  1.0

Action                   |  1- 3 |  4- 6 |  7- 9 | 10-12 | 13-15 | 16-18 | 19-21 | 22-24 | 25-27 || total
-------------------------+-------+-------+-------+-------+-------+-------+-------+-------+-------++-------
Melee: Quarterstaff      |    73 |   165 |   316 |  1194 |  1541 |   116 |       |       |       ||  3405
       Kick              |     4 |    32 |    92 |     5 |       |       |   586 |   759 |   798 ||  2276
       Lajatang          |       |       |       |       |   985 |  1558 |  1560 |  1878 |  1718 ||  7699
 Fire: Hunting sling     |       |    14 |   112 |    44 |       |       |       |       |       ||   170
Throw: Stone             |     4 |     2 |       |       |       |       |       |       |       ||     6
       Tomahawk          |       |     8 |     2 |    12 |    18 |     5 |    15 |     5 |       ||    65
       Javelin           |       |       |       |       |       |       |       |     1 |    40 ||    41
 Cast: Blink             |       |       |       |       |       |       |       |       |     6 ||     6
       Regeneration      |       |       |       |       |       |       |       |       |    19 ||    19
       Summon Butterflie |       |       |       |       |       |       |       |       |     4 ||     4
       Portal Projectile |       |       |       |       |       |       |       |       |     3 ||     3
       Summon Lightning  |       |       |       |       |       |       |       |       |     2 ||     2
Invok: Upheaval          |       |       |       |     2 |     9 |     4 |    23 |     8 |    11 ||    57
       Disaster Area     |       |       |       |       |       |       |     1 |     1 |     1 ||     3
 Abil: Evoke Flight      |       |       |       |       |       |       |       |     7 |       ||     7
       Stop Flying       |       |       |       |       |       |       |       |     3 |       ||     3
Evoke: Wand              |       |       |     4 |    13 |     3 |     2 |       |     8 |       ||    30
       Box of beasts     |       |       |       |       |       |       |       |     1 |       ||     1
       Phantom mirror    |       |       |       |       |       |       |       |       |     1 ||     1
  Use: Scroll            |     1 |     8 |     9 |     6 |     8 |    12 |     2 |     3 |    20 ||    69
       Potion            |       |     1 |       |     4 |       |       |       |     1 |     8 ||    14
 Stab: Paralysed         |       |       |       |     5 |       |       |       |       |       ||     5
       Distracted        |       |       |       |     1 |       |       |       |       |       ||     1
  Eat: Chunk             |     2 |     8 |    12 |    24 |    39 |    22 |    26 |    19 |    24 ||   176
       Buggy jelly       |       |       |       |       |     2 |     2 |     4 |     3 |       ||    11
       Ration            |       |       |       |       |     1 |     3 |     1 |     2 |     6 ||    13
       Buggy ration      |       |       |       |       |       |     1 |     1 |     1 |       ||     3
Armor: Ring mail         |    33 |    68 |    57 |       |       |       |       |       |       ||   158
       Plate armour      |       |       |   158 |   758 |   694 |       |       |       |       ||  1610
       Chain mail        |       |       |    11 |       |       |       |       |       |       ||    11
       Scale mail        |       |       |     2 |       |       |       |       |       |       ||     2
       Crystal plate arm |       |       |       |       |   869 |  1437 |  1103 |       |       ||  3409
       Pearl dragon scal |       |       |       |       |       |       |   192 |  1225 |  1164 ||  2581
Dodge: Dodged            |    41 |   105 |   106 |   238 |   411 |   494 |   497 |  1058 |  1354 ||  4304
       Deflected         |       |       |       |     4 |    28 |    88 |    60 |    69 |    70 ||   319
Block: Other             |       |       |     9 |   204 |   684 |   636 |   542 |   591 |   638 ||  3304

Table legend:
 A = Spawn XP
 B = Non-spawn XP
 C = Spawn XP percentage of total XP
 D = Spawn monster count
 E = Non-spawn monster count
 F = Spawn count percentage of total count
 G = Total turns spent on level
                    A         B        C        D         E        F      G
               +---------+---------+-------+---------+---------+-------+---------
         Total |   21163 | 1699206 |   1.2 |      36 |    2568 |   1.4 | 78263
               +---------+---------+-------+---------+---------+-------+---------
           D:1 |       0 |      39 |   0.0 |       0 |      22 |   0.0 |  1366
           D:2 |       0 |     139 |   0.0 |       0 |      37 |   0.0 |  1398
           D:3 |       0 |      95 |   0.0 |       0 |      26 |   0.0 |   643
           D:4 |       0 |    1058 |   0.0 |       0 |      23 |   0.0 |  1300
           D:5 |       0 |     262 |   0.0 |       0 |      12 |   0.0 |   624
           D:6 |       0 |    1256 |   0.0 |       0 |      20 |   0.0 |   907
           D:7 |       0 |    1334 |   0.0 |       0 |      23 |   0.0 |  1159
           D:8 |       0 |    3423 |   0.0 |       0 |      38 |   0.0 |  1058
           D:9 |       0 |    3927 |   0.0 |       0 |      60 |   0.0 |  2062
          D:10 |       0 |    4231 |   0.0 |       0 |      40 |   0.0 |   777
          D:11 |       0 |    5235 |   0.0 |       0 |      35 |   0.0 |  1324
          D:12 |       0 |   10745 |   0.0 |       0 |      61 |   0.0 |  1442
          D:13 |       0 |   13948 |   0.0 |       0 |      49 |   0.0 |  1469
          D:14 |       0 |   21899 |   0.0 |       0 |      69 |   0.0 |  1763
          D:15 |       0 |   15143 |   0.0 |       0 |      28 |   0.0 |  1819
        Lair:1 |       0 |    2718 |   0.0 |       0 |      13 |   0.0 |  1960
        Lair:2 |       0 |   13453 |   0.0 |       0 |      41 |   0.0 |  2335
        Lair:3 |       0 |    5226 |   0.0 |       0 |      16 |   0.0 |  1398
        Lair:4 |       0 |    4930 |   0.0 |       0 |      21 |   0.0 |  1124
        Lair:5 |       0 |   21076 |   0.0 |       0 |      57 |   0.0 |  2339
        Lair:6 |       0 |   20269 |   0.0 |       0 |      75 |   0.0 |  1941
       Swamp:1 |       0 |   10048 |   0.0 |       0 |      30 |   0.0 |  1065
       Swamp:2 |       0 |    9579 |   0.0 |       0 |      29 |   0.0 |   860
       Swamp:3 |       0 |   25725 |   0.0 |       0 |      40 |   0.0 |  1632
       Swamp:4 |       0 |   22985 |   0.0 |       0 |      45 |   0.0 |   951
       Snake:1 |       0 |    8785 |   0.0 |       0 |      15 |   0.0 |   955
       Snake:2 |       0 |   15123 |   0.0 |       0 |      28 |   0.0 |  1442
       Snake:3 |       0 |   39248 |   0.0 |       0 |      69 |   0.0 |  2122
       Snake:4 |       0 |   60504 |   0.0 |       0 |      96 |   0.0 |  2316
       Slime:1 |       0 |   24909 |   0.0 |       0 |      32 |   0.0 |   272
       Slime:2 |       0 |    6950 |   0.0 |       0 |      17 |   0.0 |   107
       Slime:3 |       0 |   23557 |   0.0 |       0 |      28 |   0.0 |   343
       Slime:4 |       0 |   16316 |   0.0 |       0 |      21 |   0.0 |   520
       Slime:5 |       0 |   36828 |   0.0 |       0 |      20 |   0.0 |   354
         Orc:1 |       0 |    8013 |   0.0 |       0 |      62 |   0.0 |  1647
         Orc:2 |       0 |   11159 |   0.0 |       0 |      44 |   0.0 |  1715
         Elf:1 |       0 |   25713 |   0.0 |       0 |      38 |   0.0 |  1382
         Elf:2 |       0 |   41008 |   0.0 |       0 |      47 |   0.0 |  1653
         Elf:3 |       0 |   59089 |   0.0 |       0 |      53 |   0.0 |  1342
      Vaults:1 |       0 |   74198 |   0.0 |       0 |     123 |   0.0 |  2957
      Vaults:2 |       0 |   36903 |   0.0 |       0 |      56 |   0.0 |  1494
      Vaults:3 |       0 |   54035 |   0.0 |       0 |      61 |   0.0 |  2958
      Vaults:4 |       0 |  106624 |   0.0 |       0 |      87 |   0.0 |  2161
      Vaults:5 |       0 |   96885 |   0.0 |       0 |      84 |   0.0 |  1380
       Crypt:1 |       0 |   39160 |   0.0 |       0 |      68 |   0.0 |  1324
       Crypt:2 |       0 |   65118 |   0.0 |       0 |      53 |   0.0 |  1539
       Crypt:3 |       0 |   44731 |   0.0 |       0 |      32 |   0.0 |   944
      Depths:1 |       0 |   34789 |   0.0 |       0 |      45 |   0.0 |   982
      Depths:2 |       0 |  101381 |   0.0 |       0 |      98 |   0.0 |  2406
      Depths:3 |       0 |  122998 |   0.0 |       0 |     144 |   0.0 |  3114
      Depths:4 |       0 |   44758 |   0.0 |       0 |      58 |   0.0 |  1098
      Depths:5 |       0 |   69589 |   0.0 |       0 |      43 |   0.0 |  1575
         Zot:1 |       0 |   26176 |   0.0 |       0 |      18 |   0.0 |   562
         Zot:2 |       0 |   56780 |   0.0 |       0 |      29 |   0.0 |   670
         Zot:3 |       0 |   93316 |   0.0 |       0 |      56 |   0.0 |  1160
         Zot:4 |       0 |   33049 |   0.0 |       0 |      23 |   0.0 |   242
       Abyss:3 |   21163 |       0 | 100.0 |      36 |       0 | 100.0 |   240
         IceCv |       0 |    2771 |   0.0 |       0 |      10 |   0.0 |   337
               +---------+---------+-------+---------+---------+-------+---------

Table legend:
 A = Turns spent in this place as a percentage of turns spent in the entire game.
 B = Non-inter-level travel turns spent in this place as a percentage of non-inter-level travel turns spent in the entire game.
 C = Inter-level travel turns spent in this place as a percentage of turns spent in this place.
 D = Turns resting spent in this place as a percentage of non-inter-level travel turns spent in this place.
 E = Turns spent auto-exploring this place as a percentage of non-inter-level travel turns spent in this place.
 F = Non-inter-level travel turns spent in this place divided by the number of levels of this place that you've seen.
                   A       B       C       D       E      F
               +-------+-------+-------+-------+-------+----------------------
         Total | 100.0 | 100.0 |  13.1 |  16.1 |  33.8 | 1133.3
       Dungeon |  24.4 |  23.3 |  17.0 |  15.7 |  45.0 | 1057.3
        Temple |   0.1 |   0.1 |   0.0 |   0.0 |   0.0 |  77.0
          Lair |  14.2 |  13.6 |  16.7 |  15.7 |  35.2 | 1540.2
         Swamp |   5.8 |   5.8 |  12.0 |  17.6 |  39.8 | 991.8
     Snake Pit |   8.7 |   9.4 |   6.9 |  13.4 |  43.4 | 1591.5
    Slime Pits |   2.0 |   2.2 |   7.8 |  32.8 |   0.0 | 294.2
  Orcish Mines |   4.3 |   4.1 |  17.1 |  28.3 |  25.1 | 1394.0
   Elven Halls |   5.6 |   5.4 |  15.6 |  17.0 |  27.0 | 1230.7
        Vaults |  14.0 |  13.4 |  16.9 |  15.7 |  19.5 | 1820.0
         Crypt |   4.9 |   5.2 |   7.0 |  16.4 |  37.0 | 1179.7
        Depths |  11.7 |  12.7 |   6.0 |  14.9 |  28.7 | 1724.6
           Zot |   3.4 |   3.7 |   3.5 |   7.8 |  38.7 | 635.8
         Abyss |   0.3 |   0.4 |   0.0 |   0.0 |   0.0 | 240.0
         Trove |   0.2 |   0.2 |   0.0 |   0.0 |   0.0 | 157.0
      Ice Cave |   0.4 |   0.5 |   0.0 |  27.0 |   0.0 | 337.0
               +-------+-------+-------+-------+-------+----------------------

Vault maps used:
D:1:      sevenhm_arrival_forest_fort_small_4
D:2:      lemuel_coloured_pillars_altar, serial_forest,
          infiniplex_forest_straight_3, infiniplex_forest_fountain,
          infiniplex_forest_lined_corner, infiniplex_forest_side_room,
          infiniplex_forest_lined_ring, infiniplex_forest_clump_long,
          glass_columns_a, led_sif_pool
D:3:      uniq_robin
D:4:      kennysheep_little_box, gammafunk_temple_overflow_elements,
          okawaru_metal_pillars_1_2, uniq_menkaure, uniq_natasha
D:5:      lemuel_crystal_altar, minmay_temple_entry_glass, first_bread,
          uniq_eustachio
D:6:      marbit_many_paths, yredelemnul_altar_generic, uniq_edmund,
          uniq_sigmund
D:9:      lair_entry_dummy, kennysheep_orc_monster_closet_entryway,
          serial_shops, nicolae_shop_behind_doors, the_bakery
D:12:     special_room, serial_shops,
          nicolae_shop_temple_entry_statues_fountains, hangedman_corner_corridor
D:13:     lemuel_freeze_loot_1
D:14:     grunt_vaults_entry_tiered, uniq_kirke
D:15:     gammafunk_enter_depths_forms, minivault_25, uniq_louise
Temple:   eino_wide_crystal_templ
Lair:1:   nicolae_quartered_pool_super
Lair:2:   nicolae_swamp_entry_splash_gauntlet, uniq_urug, uniq_sonja
Lair:4:   guppyfry_snake_entry_garden, portal_ice_cave_demonic_guard,
          grunt_megastairs_4
Lair:5:   guppyfry_lair_drakes
Lair:6:   minmay_lair_end_frog_pond, slime_altar_1, roderic_batcave
Swamp:1:  evilmike_swamp_ruin_house_5
Swamp:2:  nicolae_swamp_treefoil, uniq_roxanne
Swamp:3:  evilmike_swamp_ruin_house_3, swamp_pool2
Swamp:4:  swamp_basic_johnstein
Snake:1:  minmay_shoptagon, uniq_aizul
Snake:3:  grunt_megastairs_1
Snake:4:  snake_pit_salamanders_mu, nicolae_snake_double_loop
Slime:2:  cheibrodos_slime_lost_civilization_9
Orc:1:    uniq_harold
Orc:2:    grunt_orc_cross, basic_altar, serial_shops, shop
Elf:1:    eino_elf_arrival_the_gate, serial_shops, shop, shop_fountains,
          nicolae_shop_crystal, nicolae_shop_trees, minmay_elf_demonology,
          uniq_asterion, uniq_frances
Elf:2:    serial_shops, shop, nicolae_shop_trees, shop,
          nicolae_shop_statue_plus, nicolae_shop_crystal,
          basic_stair_grate_trap, uniq_nikola, uniq_agnes
Elf:3:    grunt_elf_hall_diamonds, lemuel_flamethrower_1, grunt_megastairs_3
Vaults:1: v_misc_24, vaults_room_octagon, v_pattern_5, ontoclasm_vaults_gallery,
          v_misc_25, vaults_dpeg_hooks, v_misc_27, vaults_room_large_hall,
          v_alt_pattern_6, v_rooms_6, v_misc_23, hangedman_vaults_snaps,
          vaults_room_mumra_shop_pool, vaults_room_corners, serial_shops,
          nicolae_shop_trees
Vaults:2: ontoclasm_vaults_ring_square, v_alt_pattern_4, vaults_room_pools,
          v_alt_pattern_3, hangedman_vaults_nails, nicolae_vaults_shelves_hall,
          v_misc_23, vaults_room_fours, st_spiral_rooms, v_misc_12, v_misc_22,
          nicolae_vaults_mini_display_case, nicolae_vaults_specimen_jars,
          uniq_saint_roka
Vaults:3: nicolae_vaults_alarming, ontoclasm_vaults_misaligned,
          hangedman_vaults_trim, v_misc_10, v_rooms_3,
          nicolae_vaults_three_branches, vaults_room_corners, v_misc_15,
          nicolae_vaults_diagonal_hallway_6, minmay_crypt_entry_necro_gods,
          ontoclasm_vaults_ring_small
Vaults:4: nicolae_vaults_hallways_thing, v_misc_16, v_misc_18,
          nicolae_vaults_back_hallway, v_pattern_2, vaults_mumra_chevron,
          st_lattice, nicolae_trove_entry_free_sample, uniq_margery, uniq_mara,
          uniq_jorgrun
Crypt:1:  grunt_crypt_arrival_guarded_gate
Crypt:2:  gammafunk_dig_for_victory, roderic_lattice_octagonal_star, uniq_boris
Crypt:3:  david_glass_crypt
Depths:1: serial_bayou_pond_e, hell_entry, nicolae_transmutations_shop,
          minmay_shop_grove, kennysheep_random_hallway
Depths:2: minmay_nested_s, grunt_metal_band, nrook_uturn,
          infiniplex_staircase_spiral, serial_bayou_shore_b
Depths:3: radiant_caverns_b_rkd, abyss_entry, hell_entry, pan_entry,
          uniq_bai_suzhen
Depths:4: minmay_the_grid_octo_triangle, enter_ziggurat_b,
          minmay_misc_feat_rows, hell_entry, abyss_entry_flame_altar,
          minmay_acid_items, uniq_boris, uniq_xtahua
Depths:5: grunt_zot_entry_bicorn, bh_walls_and_bars,
          pf_vacation_house_of_asmodeus, lemuel_statue_altar,
          serial_bayou_shore_a, uniq_frederick
Zot:2:    gammafunk_sealed_arena
Zot:3:    regret_index_qazlal_generations
Zot:4:    nicolae_moth_party, kennysheep_underground_church,
          basic_stair_grate_trap, uniq_tiamat
Abyss:3:  evilmike_nicolae_abyss_rune_containment_curve
Trove:    trove_armour_six_rooms
IceCv:    ice_cave_statue_garden_teleport
